 Dungeon Crawl Stone Soup version 0.29.1-2-gbd0b4ee654 (webtiles) character file.

Game seed: 8370675962244859316

5781 sanboga the Cleaver (level 10, -7/83 HPs)
             Began as a Minotaur Monk on Nov 27, 2022.
             Was a Priest of Hepliaklqana.
             Mangled by a wolf (9 damage)
             ... in a bailey.
             The game lasted 00:11:45 (9608 turns).

sanboga the Cleaver (Minotaur Monk)                 Turns: 9608, Time: 00:11:46

Health: -7/83      AC: 18    Str: 21    XL:     10   Next: 50%
Magic:  9/9        EV:  7    Int:  7    God:    Hepliaklqana [***...]
Gold:   371        SH:  5    Dex: 12    Spells: 9/9 levels left

rFire   . . .      SeeInvis .   o - +1 hand axe (vorpal)
rCold   . . .      Faith    .   (no shield)
rNeg    + . .      Spirit   .   t - +1 plate armour
rPois   .          Reflect  +   (helmet restricted)
rElec   .          Harm     .   (no cloak)
rCorr   .          Rampage  .   n - +0 pair of gloves
Will    .....                   h - +0 pair of boots
Stlth   ..........              j - amulet of reflection
HPRegen 0.23/turn               a - ring of positive energy
MPRegen 0.11/turn               (no ring)

@: invisible
A: reduced essence, horns 2, retaliatory headbutt
a: Renounce Religion, Recall Ancestor, Ancestor Identity, Transference


You were in a bailey.
You worshipped Hepliaklqana.
Hepliaklqana was most pleased with you.
You visited 2 branches of the dungeon, and saw 10 of its levels.
You also visited: Bailey.

You collected 596 gold pieces.
You spent 225 gold pieces at shops.

Inventory:

Hand Weapons
 o - a +1 vorpal hand axe (weapon)
 s - a +0 war axe
Missiles
 y - 3 throwing nets (quivered)
Armour
 h - a +0 pair of boots (worn)
 n - a +0 pair of gloves (worn)
 t - a +1 plate armour (worn)
Jewellery
 a - a ring of positive energy (left hand)
 j - an amulet of reflection (around neck)
Wands
 e - a wand of digging (7)
 m - a wand of flame (13)
 p - a wand of paralysis (8)
 q - a wand of roots (10)
Scrolls
 d - a scroll of magic mapping
 g - 2 scrolls of fear {unknown}
 l - a scroll of brand weapon
 r - a scroll of amnesia {unknown}
 v - a scroll of summoning {unknown}
 w - 2 scrolls of enchant weapon
Potions
 c - 2 potions of ambrosia
 f - 3 potions of heal wounds
 i - a potion of mutation
 k - a potion of flight
 x - a potion of cancellation


   Skills:
 + Level 10.2 Fighting
 * Level 13.7 Axes
 + Level 9.4 Armour
 - Level 3.2 Dodging
 - Level 1.5 Stealth


You had 9 spell levels left.
You didn't know any spells.
Your spell library contained the following spells:

 Spells                   Type           Power      Damage    Failure   Level
 Poisonous Vapours        Pois/Air       0%         N/A       100%        2
 Frozen Ramparts          Ice            0%         1d1       100%        3
 Corpse Rot               Necr/Pois/Air  0%         N/A       100%        4
 Ice Form                 Ice/Tmut       0%         N/A       100%        4
 Summon Ice Beast         Ice/Summ       0%         N/A       100%        4
 Borgnjor's Revivificati  Necr           0%         N/A       100%        8
 Necromutation            Tmut/Necr      0%         N/A       100%        8
 Death's Door             Necr           0%         N/A       100%        9


Dungeon Overview and Level Annotations

Branches:
Dungeon (9/15)             Temple (1/1) D:4            Lair (0/5) D:8
 Bailey (1/1)
    Orc: D:9-12

Altars:
Ashenzari
Cheibriados
Dithmenos
Elyvilon
Fedhas
Gozag
Hepliaklqana
Kikubaaqudgha
Makhleb
Nemelex Xobeh
Okawaru
Qazlal
Ru
Sif Muna
Trog
Uskayaw
Vehumet
Wu Jian
Xom
Yredelemnul
Zin
The Shining One

Shops:
D:5 *


Innate Abilities, Weirdness & Mutations

Your life essence is reduced to manifest your ancestor. (-10% HP)
You have a pair of horns on your head.
You reflexively headbutt those who attack you in melee.


Message History

* * * LOW HITPOINT WARNING * * *
There is an open door, spattered with blood here.
You see here a wolf corpse.
Okay, then.
You feel much better.
The gnoll bouda shouts!
You hear a shout!
The wolf bites you but does no damage. x2; The wolf bites you.
The gnoll sergeant hits you but does no damage.
The wolf bites you but does no damage. x2
You hear a shout!
Okay, then.
You closely miss the wolf. You miss the wolf. You hit the wolf.
You hit the gnoll sergeant but do no damage.
The wolf bites you but does no damage. The wolf bites you.
The gnoll sergeant hits you from afar with a +4 glaive!
* * * LOW HITPOINT WARNING * * *
The wolf closely misses you. You furiously retaliate!
You headbutt the wolf! The gnoll sergeant closely misses you.
You feel much better. The wolf bites you but does no damage.
The wolf bites you!
* * * LOW HITPOINT WARNING * * *
The wolf bites you but does no damage. You block the wolf's attack.
You block the gnoll bouda's attack.
The gnoll sergeant hits you with a +0 halberd!
* * * LOW HITPOINT WARNING * * *
The wolf bites you but does no damage.
You miss the wolf.
The wolf is heavily wounded.
You closely miss the wolf. x2
You hit the gnoll sergeant but do no damage.
The wolf bites you.
* * * LOW HITPOINT WARNING * * *
The wolf bites you!
* * * LOW HITPOINT WARNING * * *
The wolf bites you but does no damage.
As you read the scroll labelled COSTACW XAEFFI, it crumbles to dust.
It is a scroll of enchant armour.
Your +0 plate armour glows green for a moment.
The wolf bites you but does no damage. The wolf bites you!
You die...

♣♣...............♣♣
♣♣≈≈≈≈≈≈≈...≈≈≈≈≈≈≈♣♣
♣≈≈...............≈≈♣
♣≈.................≈♣
♣≈.######'''######.≈♣
♣≈.# #)).# #.≈♣ ♣≈##
#...# ##≈♣ ♣≈ #.)h#
≈♣ ♣≈ ##@## ≈♣ ♣≈
##ghh## ≈♣ ♣≈
##.ggg.## ≈♣ ♣≈
#....†..# ≈♣
#..$8$..# ≈♣
#....)..# ##...g.##
##..g## ##'##


You could see 2 gnoll sergeants, 3 wolves, 3 gnoll boudas and a gnoll (unable to
see you).

Vanquished Creatures
  A two-headed ogre (D:9)
  Joseph (D:7)
  A shadow (D:9)
  A human (D:3)
  A wraith (D:8)
  5 yaks (D:8)
  Menkaure (D:5)
  Edmund (D:6)
  A water moccasin (D:7)
  A sky beast (D:7)
  3 ogres
  2 black bears (D:7)
  3 orc warriors
  2 centaurs
  2 wolves (Bailey)
  2 bullfrogs (D:8)
  3 gnoll sergeants
  A necrophage (D:5)
  A crimson imp (D:6)
  4 hounds
  7 orc priests
  3 jellies
  2 gnoll boudas
  A hexer (D:9)
  3 iguanas
  6 orc wizards
  A hell rat (D:7)
  26 gnolls
  7 adders
  9 river rats (D:7)
  A shadow imp (D:8)
  3 ufetubi
  A worm (D:3)
  4 dart slugs
  21 orcs
  5 ball pythons
  6 bats
  2 endoplasms (D:2)
  2 giant cockroaches
  3 goblins
  3 hobgoblins
  4 jackals
  6 quokkas
  2 frilled lizards
  3 kobolds
  A kobold skeleton (D:3)
  23 rats
  A spectral goblin (D:5)
193 creatures vanquished.

Vanquished Creatures (collateral kills)
  A yak (D:8)
  A water moccasin (D:7)
  An ice beast (D:6)
  A centaur (D:6)
  A hound (D:6)
  A gnoll bouda (Bailey)
  4 orc wizards
  2 gnolls (Bailey)
  An adder (D:6)
  An orc (D:6)
  A quokka (D:7)
15 creatures vanquished.

Vanquished Creatures (others)
  6 hexers
6 creatures vanquished.

Grand Total: 214 creatures vanquished

Notes
Turn   | Place    | Note
-------+----------+-------------------------------------------
     0 | D:1      | sanboga the Minotaur Monk began the quest for the Orb.
     0 | D:1      | Reached XP level 1. HP: 19/19 MP: 0/0
   258 | D:1      | Reached skill level 4 in Axes
   258 | D:1      | Reached XP level 2. HP: 22/27 MP: 1/1
   323 | D:1      | Reached skill level 1 in Armour
   445 | D:1      | Noticed a golden eye
   447 | D:1      | Found a faded altar of an unknown god.
   448 | D:1      | Noticed a floating eye
   448 | D:1      | Noticed a great orb of eyes
   448 | D:1      | Noticed a shining eye
   831 | D:2      | Reached XP level 3. HP: 33/33 MP: 2/2
  1539 | D:3      | Found a runed translucent door.
  1539 | D:3      | Noticed a human
  1557 | D:3      | Found a basalt altar of Yredelemnul.
  1591 | D:3      | Killed a human
  1592 | D:3      | Reached skill level 5 in Fighting
  1592 | D:3      | Reached skill level 5 in Axes
  1592 | D:3      | Reached XP level 4. HP: 19/42 MP: 3/3
  1592 | D:3      | Reached XP level 5. HP: 21/48 MP: 4/4
  1976 | D:3      | Reached skill level 6 in Axes
  2188 | D:3      | Identified the +1 ring mail "Jezi" {Str+4}
  2561 | D:4      | Reached XP level 6. HP: 56/56 MP: 5/5
  3386 | D:4      | Reached skill level 7 in Axes
  3501 | D:4      | Found a staircase to the Ecumenical Temple.
  3531 | Temple   | Entered the Ecumenical Temple
  3707 | D:5      | Entered Level 5 of the Dungeon
  3741 | D:5      | Reached XP level 7. HP: 50/62 MP: 6/6
  4235 | D:5      | Found Urolisuf's General Store.
  4244 | D:5      | Bought a potion of heal wounds for 50 gold pieces
  4244 | D:5      | Bought a potion of mutation for 80 gold pieces
  4244 | D:5      | Bought a scroll of brand weapon for 95 gold pieces
  4487 | D:5      | Noticed Menkaure
  4496 | D:5      | Killed Menkaure
  4608 | D:5      | Found a hazy altar of Hepliaklqana.
  4618 | D:5      | Became a worshipper of Hepliaklqana the Forgotten
  4618 | D:5      | Reached * piety under Hepliaklqana
  4618 | D:5      | Reached ** piety under Hepliaklqana
  4619 | D:5      | Remembered your ancestor Augustine as a hexer
  4643 | D:5      | Reached skill level 8 in Axes
  4706 | D:5      | Reached skill level 5 in Armour
  5520 | D:6      | Reached XP level 8. HP: 15/63 MP: 7/7
  5789 | D:6      | Reached skill level 9 in Axes
  5965 | D:6      | Noticed Edmund
  5981 | D:6      | Killed Edmund
  6178 | D:6      | Reached skill level 10 in Axes
  6204 | D:6      | Found a radiant altar of Vehumet.
  6205 | D:6      | Found a burning altar of Makhleb.
  6558 | D:7      | Reached XP level 9. HP: 59/72 MP: 8/8
  6890 | D:7      | Reached skill level 11 in Axes
  7221 | D:7      | Reached *** piety under Hepliaklqana
  7320 | D:7      | Noticed Joseph
  7335 | D:7      | Killed Joseph
  7336 | D:7      | Reached skill level 12 in Axes
  8238 | D:8      | Found a staircase to the Lair.
  8302 | D:8      | Reached XP level 10. HP: 66/81 MP: 9/9
  8543 | D:8      | Reached skill level 13 in Axes
  9167 | D:9      | Noticed a two-headed ogre
  9180 | D:9      | Killed a two-headed ogre
  9188 | D:9      | Reached skill level 10 in Fighting
  9201 | D:9      | Found a flagged portal.
  9210 | Bailey   | Entered a bailey
  9603 | Bailey   | Identified the +10 scimitar of Tebliys {holy, rElec}
  9607 | Bailey   | HP: 2/83 [wolf (8)]
  9608 | Bailey   | Mangled by a wolf

Illustrated notes

Levels and vault maps discovered:
D:1:      scummos_arrival_star, layout_rooms,
          hellmonk_ecumenical_altar_watching_god,
          wander_ebering_terrifying_dragon_lair
D:2:      layout_rooms
D:3:      layout_loops_ring, dk_yredelemnul_ordeal
D:4:      layout_gridville, temple_green
D:5:      layout_basic, nicolae_hepliaklqana_monster_ancestors,
          nicolae_stop_n_shop_1, uniq_menkaure
D:6:      nicolae_whirlpool, layout_cave_pools,
          grunt_temple_overflow_lords_of_destruction, uniq_edmund
D:7:      lemuel_ratsnest, layout_loops_ring, hangedman_abyss_or_decor_passed,
          kennysheep_small_square, uniq_joseph
D:8:      hellmonk_destroyed_diamonds, layout_basic, lair_entry_dummy
D:9:      layout_cave_pools, special_room [special_room_orc], enter_bailey_8,
          kennysheep_generic_room_6, uniq_grum, uniq_erolcha
Temple:   nicolae_temple_no_exploring_needed
Bailey:   bailey_polearm_gnolls_kennysheep, bailey

Skill      XL: |  1  2  3  4  5  6  7  8  9 10 |
---------------+-------------------------------+-----
Axes           | 4 5 6 7 8 10 12 13 | 13.7
Armour         | 1 3 4 5 6 8 9 |  9.4
Fighting       | 4 5 6 7 9 10 | 10.2
Dodging        | |  3.2
Stealth        | |  1.5

Action                   |  1- 3 |  4- 6 |  7- 9 | 10-12 || total
-------------------------+-------+-------+-------+-------++-------
Melee: Hand axe          |    94 |    69 |   343 |   120 ||   626
       Headbutt          |    16 |    13 |    87 |    25 ||   141
       Punch             |       |       |     4 |     2 ||     6
Invok: Ancestor Life: He |       |       |     1 |       ||     1
       Ancestor Identity |       |       |     1 |       ||     1
Evoke: Wand              |       |       |     6 |     2 ||     8
  Use: Potion            |     2 |     1 |       |     3 ||     6
       Scroll            |       |     6 |     3 |     4 ||    13
 Stab: Sleeping          |     6 |     2 |       |       ||     8
       Confused          |       |       |     9 |     8 ||    17
       Distracted        |       |       |     1 |     1 ||     2
       Invisible         |       |       |       |     1 ||     1
Armor: Robe              |    22 |     9 |    11 |       ||    42
       Plate armour      |       |       |   126 |    70 ||   196
Dodge: Dodged            |    48 |    29 |   101 |    35 ||   213
Block: Other             |    13 |    16 |    72 |    18 ||   119
       Reflection        |     1 |       |     4 |       ||     5
